 Dungeon Crawl Stone Soup version 0.21-a0-41-g5e91fef (webtiles) character file.

556 roguesci the Digger (level 7, -2/59 HPs)
             Began as a Pale Draconian Earth Elementalist on June 3, 2017.
             Splashed by an oklob plant's acid (14 damage)
             ... created by the enmity of Fedhas Madash
             ... on level 4 of the Dungeon.
             The game lasted 00:15:16 (3186 turns).

roguesci the Digger (DrEE)                          Turns: 3186, Time: 00:15:16

Health: -2/59      AC: 12    Str: 10 (11) XL:     7   Next: 8%
Magic:  11/11      EV: 13    Int: 16 (17) God:
Gold:   171        SH:  0    Dex:  9 (11) Spells: 11/12 levels left

rFire    . . .     SeeInvis .   e - +1 mace (protect)
rCold    . . .     Gourm    .   (no shield)
rNeg     . . .     Faith    .   (armour unavailable)
rPois    .         Spirit   .   (helmet restricted)
rElec    .         Reflect  .   (no cloak)
rCorr    .         Harm     .   n - +0 pair of gloves (curse)
MR       .....     Rnd*Tele +   q - +1 pair of boots
Stlth    ++........             (no amulet)
Regen    0.6/turn               l - ring of teleportation (curse)
MPRegen  0.2/turn               (no ring)

@: corroded, protection aura
A: breathe steam, unfitting armour, beak, talons 1, regeneration 1, evolution 1,
cold-blooded, AC +6
a: Breathe Steam


You were on level 4 of the Dungeon.
You were not hungry.

You visited 1 branch of the dungeon, and saw 4 of its levels.

You collected 171 gold pieces.

Inventory:

Hand Weapons
 e - a +1 mace of protection (weapon)
 k - a +0 hunting sling
Missiles
 b - 117 stones (quivered)
Armour
 n - a cursed +0 pair of gloves (worn)
 q - a +1 pair of boots (worn)
Jewellery
 l - a cursed ring of teleportation (left hand)
Scrolls
 a - 5 scrolls of teleportation {unknown}
 f - a scroll of enchant weapon {unknown}
 i - 4 scrolls of identify {unknown}
 j - a scroll of enchant armour {unknown}
 o - 2 scrolls of blinking {unknown}
Potions
 m - 2 potions of curing
Books
 d - a book of Geomancy

   Spells                             Type                      Level
   a - Sandblast                      Earth                        1
   b - Passwall                       Transmutation/Earth          2
   c - Stone Arrow                    Conjuration/Earth            3
   d - Petrify                        Transmutation/Earth          4
   e - Lee's Rapid Deconstruction     Earth                        5
Comestibles
 c - 3 bread rations
 s - a royal jelly


   Skills:
 * Level 4.2 Fighting
 + Level 3.5 Dodging
 + Level 3.3 Stealth
 + Level 3.2 Spellcasting
   Level 1.0 Transmutations
 + Level 4.3 Earth Magic


You had 11 spell levels left.
You knew the following spells:

 Your Spells              Type           Power        Failure   Level  Hunger
a - Sandblast             Erth           ###...       3%          1    None


Dungeon Overview and Level Annotations

Branches:
Dungeon (4/15)
 Temple: D:4-7

Altars:
Fedhas
Wu Jian

Annotations:
D:4 exclusion: oklob plant, roguesci's ghost, amateur DrIE


Innate Abilities, Weirdness & Mutations

You can breathe blasts of scalding, opaque steam.
Your pale cyan-grey scales are hard. (AC +6)
You cannot fit into any form of body armour.
You are cold-blooded and may be slowed by cold attacks.
You have a beak for a mouth.
You have sharp toenails.
Your natural rate of healing is unusually fast.
You evolve.


Message History

You hit the oklob plant but do no damage.
The oklob plant is lightly damaged.
The oklob plant spits acid at you. The splash of acid hits you!
The acid corrodes you!
You are splashed with acid!
The acid burns!
* * * LOW HITPOINT WARNING * * *
You hit the oklob plant but do no damage.
The oklob plant is lightly damaged.
You hit the oklob plant but do no damage.
The oklob plant is lightly damaged.
You hit the oklob plant but do no damage.
The oklob plant is lightly damaged.
You sock the oklob plant!
The oklob plant is lightly damaged.
You hit the oklob plant.
The oklob plant is lightly damaged.
The oklob plant spits acid at you. The splash of acid hits you!
The acid corrodes you!
You are splashed with acid!
The acid burns!
You die...

#.........
#.................
#..[..............
#.>...............
#.................
#.................
#..............(..
#####.P..(..........†.
#.f..@................
#'###.................
#.........#.................
#.........#.................
#.........#.................
#.........#........$........
#......(..#......)...!).....
#.........#.................
#.....((..# .$.......


You could see an oklob plant and a wandering mushroom.

Vanquished Creatures
  A sky beast (D:2)
  An ogre (D:4)
  A scorpion (D:4)
  A howler monkey (D:4)
  A centaur skeleton (D:4)
  3 orc wizards
  3 adders (D:2)
  6 gnolls
  2 oozes
  A worm (D:3)
  5 dart slugs
  3 leopard geckos
  5 orcs
  10 bats
  4 giant cockroaches
  6 goblins
  7 hobgoblins
  3 jackals (D:2)
  2 quokkas
  4 frilled lizards
  10 kobolds
  6 rats
85 creatures vanquished.

Notes
Turn   | Place    | Note
-------+----------+-------------------------------------------
     0 | D:1      | roguesci the Draconian Earth Elementalist began the quest for the Orb.
     0 | D:1      | Reached XP level 1. HP: 14/14 MP: 3/3
   159 | D:1      | Reached XP level 2. HP: 14/22 MP: 0/5
   486 | D:1      | Reached skill level 1 in Fighting
   706 | D:1      | Reached XP level 3. HP: 28/28 MP: 6/6
  1380 | D:2      | Found a faded altar of an unknown god.
  1395 | D:2      | Reached XP level 4. HP: 30/36 MP: 4/7
  1460 | D:2      | Became a worshipper of Fedhas Madash
  1460 | D:2      | Reached * piety under Fedhas
  1461 | D:2      | Fell from the grace of Fedhas
  2120 | D:3      | Noticed a sky beast
  2128 | D:2      | Reached XP level 5. HP: 37/42 MP: 4/8
  2171 | D:2      | Killed a sky beast
  2177 | D:2      | Gained mutation: You have a pair of small antennae on your head. [mutagenic meat]
  2295 | D:2      | Reached XP level 6. HP: 39/51 MP: 6/10
  2656 | D:3      | Found an ornate altar of the Wu Jian Council.
  3077 | D:4      | Noticed roguesci's ghost (amateur DrIE)
  3085 | D:4      | Lost mutation: You have a pair of small antennae on your head. [potion of mutation]
  3085 | D:4      | Gained mutation: You have a beak for a mouth. [potion of mutation]
  3085 | D:4      | Gained mutation: You have sharp toenails. [potion of mutation]
  3085 | D:4      | Gained mutation: You evolve. [potion of mutation]
  3085 | D:4      | Gained mutation: Your natural rate of healing is unusually fast. [potion of mutation]
  3153 | D:4      | Your scales start taking on a pale cyan-grey colour.
  3153 | D:4      | Reached XP level 7. HP: 45/59 MP: 8/11
  3177 | D:4      | Noticed a wandering mushroom
  3177 | D:4      | Noticed an oklob plant
  3186 | D:4      | Splashed by an oklob plant's acid

Vault maps used:
D:1:      dpeg_arrival_simpleton_b
D:2:      kennysheep_six_static_rooms, chequers_ecumenical_altar_twisty,
          first_bread
D:3:      old_standard_altar
D:4:      dk_vineyard_2

Skill      XL: |  1  2  3  4  5  6 |
---------------+-------------------+-----
Stealth        | 2 3 |  3.3
Fighting       | 1 2 3 4 |  4.2
Dodging        | 2 3 |  3.5
Earth Magic    | 4 |  4.3
Spellcasting   | 3 |  3.2
Transmutations | |  1.0

Action                   |  1- 3 |  4- 6 |  7- 9 || total
-------------------------+-------+-------+-------++-------
Melee: Mace              |    66 |   132 |     8 ||   206
       Tailslap          |     4 |    15 |     1 ||    20
       Unarmed           |     1 |       |       ||     1
       Peck              |       |     8 |     1 ||     9
Throw: Stone             |    12 |    14 |       ||    26
 Cast: Sandblast         |    14 |    33 |     1 ||    48
Invok: Renounce Religion |       |     1 |       ||     1
  Use: Potion            |     1 |     6 |       ||     7
       Scroll            |       |     1 |       ||     1
 Stab: Sleeping          |     7 |     3 |       ||    10
  Eat: Chunk             |     2 |     6 |     1 ||     9
Armor: Skin              |    30 |    67 |     1 ||    98
Dodge: Dodged            |    45 |   131 |       ||   176
